 Dungeon Crawl Stone Soup version 0.23.2-1-ga50397a6bc (webtiles) character file.

Game seed: 6207337466045091738

198 Mrkan the Changer (level 5, -2/40 HPs)
             Began as a Draconian Transmuter on May 22, 2019.
             Slain by Grinder (4 damage)
             ... on level 4 of the Dungeon.
             The game lasted 00:09:59 (3436 turns).

Mrkan the Changer (Draconian Transmuter)            Turns: 3436, Time: 00:09:59

Health: -2/40      AC:  6    Str: 12    XL:     5   Next: 47%
Magic:  6/9        EV: 12    Int: 15    God:
Gold:   148        SH:  0    Dex: 11    Spells: 7/10 levels left

rFire    . . .     SeeInvis .     - Unarmed
rCold    . . .     Gourm    .   (no shield)
rNeg     . . .     Faith    .   (armour unavailable)
rPois    .         Spirit   .   (helmet restricted)
rElec    .         Reflect  .   n - +0 cloak
rCorr    .         Harm     .   (no gloves)
MR       .....                  (no boots)
Stlth    +.........             (no amulet)
HPRegen  0.13/turn              (no ring)
MPRegen  0.11/turn              (no ring)

@: appendage (expiring)
A: unfitting armour, horns 2, cold-blooded, AC +5
a: End Transformation


You were on level 4 of the Dungeon.
You were not hungry.
You had grown temporary horns.
You visited 1 branch of the dungeon, and saw 4 of its levels.

You collected 148 gold pieces.

Inventory:

Missiles
 a - 6 arrows
Armour
 n - a +0 cloak (worn)
Jewellery
 b - an uncursed amulet of rage {unknown}
 q - an uncursed ring of positive energy {unknown}
 u - a cursed ring of teleportation {unknown}
Scrolls
 d - 3 scrolls of remove curse {unknown}
 f - 4 scrolls of identify {unknown}
 h - 3 scrolls of blinking {unknown}
 i - a scroll of fog {unknown}
 j - a scroll of amnesia {unknown}
 k - a scroll of enchant weapon {unknown}
 l - a scroll of magic mapping {unknown}
 t - a scroll of teleportation {unknown}
Potions
 e - 2 potions of brilliance {unknown}
 g - a potion of flight {unknown}
 m - a potion of degeneration {unknown}
 o - a potion of curing {unknown}
 p - a potion of mutation {unknown}
 s - a potion of berserk rage {unknown}
Comestibles
 c - 8 rations
 r - a chunk of flesh


   Skills:
 - Level 1.1 Fighting
 - Level 1.7 Dodging
 + Level 4.0 Unarmed Combat
 + Level 3.1 Spellcasting
 * Level 4.3 Transmutations


You had 7 spell levels left.
You knew the following spells:

 Your Spells              Type           Power        Failure   Level  Hunger
a - Beastly Appendage     Tmut           ###...       3%          1    #......
b - Sticks to Snakes      Tmut           ###.....     4%          2    ##.....

Your spell library contained the following spells:

 Spells                   Type           Power        Failure   Level  Hunger
 Spider Form              Tmut/Pois      #.........   24%         3    ###....
 Ice Form                 Ice/Tmut       #.......     63%         4    #####..
 Blade Hands              Tmut           ###.......   67%         5    ######.


Dungeon Overview and Level Annotations

Branches:
Dungeon (4/15)
 Temple: D:4-7

Altars:
Cheibriados

Annotations:
D:4 Grinder


Innate Abilities, Weirdness & Mutations

Your plain brown scales are hard. (AC +5)
You cannot fit into any form of body armour.
You are cold-blooded and may be slowed by cold attacks.
You have a pair of horns on your head.


Message History

Grinder hits your ball python!
Your ball python dies!
There is a stone staircase leading up here.
You hit Grinder but do no damage. Your headbutt misses Grinder.
Grinder hits you.
You writhe in agony.
You closely miss Grinder. Grinder barely misses you.
You hit Grinder.
Grinder is lightly wounded.
Grinder hits you.
You hit Grinder.
Grinder is moderately wounded.
Grinder hits you.
You writhe in agony.
You closely miss Grinder. Your headbutt misses Grinder.
Grinder is moderately wounded.
Grinder hits you!
* * * LOW HITPOINT WARNING * * *
You writhe in agony.
* * * LOW HITPOINT WARNING * * *
Grinder hits you.
You die...

#..#
########..#
..........#
#########.# #.#
#.# ####.###.#
#........#
#@##.########
#5##........#
#.#########.#
#....5...
...........####
#######.##.#
#.# .# #.# #
#.#


You could see Grinder.

Vanquished Creatures
  An orc priest (D:3)
  Terence (D:3)
  A worker ant zombie (D:3)
  Robin (D:3)
  3 adders
  A worm (D:2)
  5 leopard geckos
  6 orcs
  2 ball pythons
  9 bats
  4 giant cockroaches
  9 goblins
  7 hobgoblins
  3 jackals (D:1)
  5 kobolds (D:2)
  2 quokkas
  A frilled lizard (D:1)
  5 rats
66 creatures vanquished.

Vanquished Creatures (collateral kills)
  2 orcs (D:3)
  A bat (D:3)
  A giant cockroach (D:3)
  5 goblins (D:3)
  A frilled lizard (D:3)
10 creatures vanquished.

Grand Total: 76 creatures vanquished

Notes
Turn   | Place    | Note
-------+----------+-------------------------------------------
     0 | D:1      | Mrkan the Draconian Transmuter began the quest for the Orb.
     0 | D:1      | Reached XP level 1. HP: 16/16 MP: 3/3
   211 | D:1      | Reached XP level 2. HP: 17/23 MP: 3/5
   469 | D:1      | Found a snail-covered altar of Cheibriados.
   736 | D:2      | Reached XP level 3. HP: 22/28 MP: 6/6
  1900 | D:3      | Reached XP level 4. HP: 28/35 MP: 6/8
  1906 | D:3      | Learned a level 2 spell: Sticks to Snakes
  1925 | D:3      | Noticed Robin
  1963 | D:3      | Killed Robin
  2736 | D:3      | HP: 1/35 [orc priest/divine providence (13)]
  2744 | D:3      | Reached XP level 5. HP: 2/40 MP: 3/9
  3120 | D:3      | Noticed Terence
  3131 | D:3      | Killed Terence
  3409 | D:4      | Noticed Grinder
  3435 | D:4      | HP: 2/40 [Grinder (4)]
  3436 | D:4      | Slain by Grinder

Skill      XL: |  1  2  3  4  5 |
---------------+----------------+-----
Transmutations | 3 4 |  4.3
Spellcasting   | 3 |  3.1
Unarmed Combat | 4 |  4.0
Fighting       | |  1.1
Dodging        | |  1.7

Action                   |  1- 3 |  4- 6 || total
-------------------------+-------+-------++-------
Melee: Unarmed           |   212 |   109 ||   321
       Tailslap          |    14 |    15 ||    29
       Headbutt          |     4 |     5 ||     9
       Kick              |     2 |       ||     2
       Punch             |     1 |       ||     1
 Cast: Beastly Appendage |     6 |     6 ||    12
       Sticks to Snakes  |       |    12 ||    12
  Eat: Ration            |     1 |     1 ||     2
       Chunk             |       |     3 ||     3
Armor: Skin              |    87 |    44 ||   131
Dodge: Dodged            |   188 |    82 ||   270
